 Dungeon Crawl Stone Soup version 0.31-a0-185-g9dded2c639 (webtiles) character file.

Game seed: 11371616508529309196

156 qw the Skirmisher (level 5, -3/29 HPs)
             Began as a Deep Elf Hunter on June 22, 2023.
             Killed from afar by Sigmund (7 damage)
             ... with a magic dart
             ... on level 3 of the Dungeon.
             The game lasted 00:00:36 (1542 turns).

qw the Skirmisher (Deep Elf Hunter)                 Turns: 1542, Time: 00:00:37

Health: -3/29      AC:  5    Str: 10    XL:     5   Next: 14%
Magic:  7/7        EV: 12    Int: 14    God:
Gold:   146        SH:  0    Dex: 24    Spells: 4/4 levels left

rFire   . . .        Y - +2 arbalest (flame)
rCold   . . .        (shield currently unavailable)
rNeg    . . .        d - +0 ring mail
rPois   .            (no helmet)
rElec   .            (no cloak)
rCorr   .            (no gloves)
SInv    .            (no boots)
Will    .....        (no amulet)
Stlth   ++           k - +6 ring of dexterity
HPRegen 0.24/turn    (no ring)
MPRegen 0.10/turn

%: no passive effects
@: no status effects
A: no striking features
a: no special abilities


You were on level 3 of the Dungeon.
You visited 1 branch of the dungeon, and saw 3 of its levels.

You collected 146 gold pieces.


   Skills:
 - Level 1.5 Fighting
 + Level 8.2 Ranged Weapons
 - Level 3.1 Dodging
 - Level 1.2 Stealth


You had 4 spell levels left.
You didn't know any spells.
Your spell library was empty.

Inventory:

Hand Weapons
 Y - a +2 arbalest of flaming (weapon)
Armour
 d - a +0 ring mail (worn)
Jewellery
 k - a +6 ring of dexterity (left hand)
Scrolls
 a - a scroll of poison {unknown}
 c - a scroll of identify
Potions
 g - a potion of enlightenment {unknown}
 h - a potion of magic {unknown}

Dungeon Overview and Level Annotations

Branches:
Dungeon (3/15)

Altars:
Vehumet

Shops:
D:1 [

Annotations:
D:3 3 runed translucent doors, Sigmund; qw's ghost, amateur GrFi


Message History

You now have 146 gold pieces (gained 10).
You open the door.
There is an open door here.
Sigmund the Dreaded comes into view.
He is wielding a +0 scythe.
Found a thick garnet amulet.
Sigmund shouts!
Enter note:
Enter note:
Enter note:
Enter note: You shoot a bolt.
The bolt closely misses Sigmund.
You shoot a bolt. The bolt hits Sigmund!
The bolt burns Sigmund.
Sigmund is moderately wounded.
Sigmund mumbles some strange words.
Sigmund flickers and vanishes!
Deactivating autopickup; reactivate with Ctrl-A.
A magic dart appears from out of thin air!
The magic dart hits you.
You shoot a bolt.
You are confused.
You shoot a bolt.
Something tries to affect you, but you resist.
You shoot a bolt. You shoot a bolt. You shoot a bolt.
You feel less confused. Something hits you.
You shoot a bolt.
You hear some strange, mumbled words.
A puff of flame appears from out of thin air!
The puff of flame hits you! Something hits you!
You shoot a bolt.
You hear some strange, mumbled words.
Something tries to affect you, but you resist.
You shoot a bolt. Something hits you but does no damage.
You shoot a bolt.
A magic dart appears from out of thin air!
The magic dart hits you!
You die...

#...# .......# ###.#
......# #.# .....#
##.### ....# ###.....
"... ##...#### {.#
#..### .. #.# #.####.##
.. #@# #......# ## #.#
######.# # #.# #.# .#
.. #.# #.##.#... ##'###
##..#...(. #....#
#...#W.... #####....#
#..##...Z.
#........#####..#.....#
#........#......#..Z###


There were no monsters in sight!

Vanquished Creatures
  7 gnolls (D:2)
  3 adders
  A dart slug (D:1)
  7 endoplasms
  A giant cockroach (D:1)
  10 hobgoblins
  2 jackals (D:1)
  2 quokkas
  6 ball pythons
  4 bats (D:1)
  6 frilled lizards
  4 goblins
  3 kobolds
  3 rats (D:1)
59 creatures vanquished.

Notes
Turn   | Place    | Note
-------+----------+-------------------------------------------
     0 | D:1      | qw the Deep Elf Hunter began the quest for the Orb.
     0 | D:1      | Reached XP level 1. HP: 12/12 MP: 3/3
     0 | D:1      | 0 ||| qw: Version: 0.3-a-9-g12657ce
     0 | D:1      | 0 ||| qw: Game counter: 1666
     0 | D:1      | 0 ||| qw: Always use a shield: true
     0 | D:1      | 0 ||| qw: God list: Okawaru
     0 | D:1      | 0 ||| qw: Allow faded altars: false
     0 | D:1      | 0 ||| qw: Do Orc after D:15 true
     0 | D:1      | 0 ||| qw: Do second Lair branch before Depths: true
     0 | D:1      | 0 ||| qw: Lair rune preference: random
     0 | D:1      | 0 ||| qw: Plans: Normal
     0 | D:1      | 0 ||| PLANNING D:1-11
   100 | D:1      | Reached XP level 2. HP: 15/16 MP: 4/4
   101 | D:1      | Reached skill level 6 in Ranged Weapons
   168 | D:1      | Found Ublag's Antique Armour Emporium.
   179 | D:1      | 179 ||| SHOPLISTING opalescent robe (142 gold, have 37).
   179 | D:1      | 179 ||| SHOPLISTING pair of embroidered gloves (187 gold,
                  | have 37).
   179 | D:1      | 179 ||| SHOPLISTING pair of glowing gloves (187 gold, have
                  | 37).
   179 | D:1      | 179 ||| SHOPLISTING shiny scale mail (175 gold, have 37).
   296 | D:1      | Reached XP level 3. HP: 20/20 MP: 5/5
   555 | D:1      | Found a faded altar of an unknown god.
   559 | D:1      | 559 ||| UPGRADING to +0 ring mail.
   569 | D:1      | 569 ||| DROPPING +0 leather armour.
   570 | D:1      | 570 ||| UPGRADING to +6 ring of dexterity.
   571 | D:1      | 571 ||| READING scroll labelled ELAWKU DOLO.
   572 | D:1      | 572 ||| READING scroll labelled JUSEVI WUUSHRI.
   573 | D:1      | 573 ||| READING scroll labelled DAURUD BYPLUE.
   574 | D:1      | 574 ||| READING scroll labelled LUOTHIFIARCH.
   575 | D:1      | 575 ||| READING scroll labelled XENTUY JUGUSU.
   575 | D:1      | Identified a scroll of acquirement
   575 | D:1      | 575 ||| ACQUIRING +2 arbalest of flaming
   575 | D:1      | Acquired a +2 arbalest of flaming
   577 | D:1      | 577 ||| SWAPPING to +2 arbalest of flaming.
   578 | D:1      | 578 ||| DROPPING +0 shortbow.
   579 | D:1      | 579 ||| DROPPING scroll of butterflies.
   669 | D:2      | Reached skill level 7 in Ranged Weapons
   676 | D:2      | Reached XP level 4. HP: 25/25 MP: 6/6
   790 | D:2      | Identified the +2 robe of Duty {rN+}
   794 | D:2      | Reached skill level 8 in Ranged Weapons
   866 | D:2      | Found a radiant altar of Vehumet.
  1192 | D:2      | Reached skill level 3 in Dodging
  1192 | D:2      | Reached XP level 5. HP: 29/29 MP: 7/7
  1305 | D:2      | 1305 ||| DROPPING +2 robe of Duty {rN+}.
  1306 | D:2      | 1306 ||| READING 2 scrolls labelled NAUNGE IPPIKHY.
  1307 | D:2      | 1307 ||| READING 2 scrolls of identify.
  1307 | D:2      | 1307 ||| IDENTIFYING purple potion
  1308 | D:2      | 1308 ||| DROPPING scroll of revelation.
  1309 | D:2      | 1309 ||| DROPPING potion of lignification.
  1380 | D:3      | Found a runed translucent gate.
  1380 | D:3      | Found a runed translucent gate.
  1380 | D:3      | Found a runed translucent gate.
  1503 | D:3      | Noticed qw's ghost (amateur GrFi)
  1531 | D:3      | Noticed Sigmund
  1539 | D:3      | HP: 3/29 [something (7)]
  1542 | D:3      | Killed from afar by Sigmund

Levels and vault maps discovered:
D:1:      minmay_arrival_hallway, layout_basic, chequers_ecumenical_altar_lobes,
          serial_shops, shop, minmay_pentomino_z4
D:2:      layout_loops_ring, basic_altar, corexii_corridor_pit, nrook_campfire,
          kennysheep_generic_room_5
D:3:      layout_basic, gammafunk_ghost_icy, grunt_ministairs_5, uniq_sigmund

Skill      XL: |  1  2  3  4 |
---------------+-------------+-----
Ranged Weapons | 6 7 8 |  8.2
Dodging        | 3 |  3.1
Fighting       | |  1.5
Stealth        | |  1.2

Action                     |  1- 3 |  4- 6 || total
---------------------------+-------+-------++-------
   Fire: Shortbow          |    61 |       ||    61
         Arbalest          |    11 |    43 ||    54
    Use: Scroll            |     5 |     2 ||     7
 Armour: Leather armour    |     7 |       ||     7
         Ring mail         |       |     2 ||     2
  Dodge: Dodged            |     9 |     4 ||    13

Table legend:
 A = Non-vault XP
 B = Vault XP
 C = Vault XP percentage of total XP
 D = Non-vault monster count
 E = Vault monster count
 F = Vault count percentage of total count
                 A         B        C        D         E       F
            +---------+---------+-------+---------+---------+-------
      Total |     202 |      21 |   9.4 |      54 |       5 |   8.5
            +---------+---------+-------+---------+---------+-------
        D:1 |      42 |       6 |  12.5 |      26 |       3 |  10.3
        D:2 |     143 |      15 |   9.5 |      25 |       2 |   7.4
        D:3 |      17 |       0 |   0.0 |       3 |       0 |   0.0
            +---------+---------+-------+---------+---------+-------
